 Dungeon Crawl Stone Soup version 0.25.0-9-g26727b657a (webtiles) character file.

Game seed: 9433957644911864479

63 Esekla the Grasshopper (level 3, 0/20 HPs)
             Began as a Deep Elf Warper on June 20, 2020.
             Succumbed to an adder's poison
             ... on level 1 of the Dungeon.
             The game lasted 00:12:24 (1202 turns).

Esekla the Grasshopper (Deep Elf Warper)            Turns: 1202, Time: 00:12:25

Health: 0/20       AC:  4    Str: 10    XL:     3   Next: 87%
Magic:  9/9        EV: 13    Int: 17    God:
Gold:   45         SH:  0    Dex: 15    Spells: 4/8 levels left

rFire    . . .     SeeInvis +   a - +0 falchion
rCold    . . .     Gourm    .   (no shield)
rNeg     . . .     Faith    .   b - +0 robe (curse)
rPois    .         Spirit   .   (no helmet)
rElec    .         Reflect  .   (no cloak)
rCorr    .         Harm     .   (no gloves)
MR       +....                  (no boots)
Stlth    +.........             (no amulet)
HPRegen  0.06/turn              (no ring)
MPRegen  0.11/turn              (no ring)

@: lethally poisoned (0 -> -2), berserk cooldown, hasted and slowed
A: thin metallic scales 1, see invisible, magic resistance 1, strong 1
a: no special abilities


You were on level 1 of the Dungeon.
You were not hungry.

You visited 1 branch of the dungeon, and saw 2 of its levels.

You collected 45 gold pieces.

Inventory:

Hand Weapons
 a - a +0 falchion (weapon)
 j - a +0 short sword
Missiles
 e - 5 boomerangs of dispersal (quivered)
Armour
 b - a cursed +0 robe (worn)
 l - a +1 ring mail of magic resistance
 m - a +0 cloak
Scrolls
 c - a scroll of remove curse {unknown}
 d - a scroll of blinking
 h - a scroll of teleportation {unknown}
Comestibles
 f - 2 rations


   Skills:
 - Level 1.5 Fighting
 * Level 3.1 Long Blades
 + Level 1.0 Throwing
 - Level 0.7 Armour
 * Level 3.3 Dodging
 - Level 3.0 Spellcasting
 + Level 0.7 Charms
 + Level 3.6 Translocations


You had 4 spell levels left.
You knew the following spells:

 Your Spells              Type           Power        Failure   Level  Hunger
a - Shroud of Golubria    Chrm/Tloc      ##....       11%         2    ##.....
b - Blink                 Tloc           N/A          6%          2    ##.....

Your spell library contained the following spells:

 Spells                   Type           Power        Failure   Level  Hunger
 Gell's Gravitas          Tloc           ##........   12%         3    ###....
 Lesser Beckoning         Tloc           ##........   12%         3    ###....
 Teleport Other           Tloc           ##......     12%         3    ###....
 Passage of Golubria      Tloc           N/A          36%         4    ####...


Dungeon Overview and Level Annotations

Branches:
Dungeon (2/15)

Altars:


Innate Abilities, Weirdness & Mutations

You are partially covered in thin metallic scales. (AC +2)
You have supernaturally acute eyesight. (SInv)
You are resistant to hostile enchantments. (MR+)
Your muscles are strong. (Str +2)


Message History

You feel yourself moving faster!
You feel mighty!
* * * LOW HITPOINT WARNING * * *
You feel sick. The adder completely misses you.
You slash the adder!
You kill the adder!
You feel a strong urge to attack something.
You feel your anger nearly subside.
You are no longer berserk.
You are exhausted.
You feel yourself slow down.
* * * LOW HITPOINT WARNING * * *
You feel sick.
There is a lethal amount of poison in your body!
Okay, then.
Really quaff the potion of mutation?
You feel extremely strange.
You feel weaker.
You feel clever.
You feel resistant to hostile enchantments.
Thin metallic scales grow over part of your body.
You feel stronger.
You die...

##..#...#.# #########
....#.....# #.......#
###.#...#.# #.#####.# #
#.##.##.#####.#####.####
#..................†>..#
####.########.#####.##.#
#.## #.#####.##.#
######..#
####.).....##.#####
.....##.#
#....@..###.......#
#.##.##.# #.>.....#
#[#.###.#
...#.##.####.......#
#.#..##.#
...#.#.....).......#
#.##.##.#
...#.#..#.##.......#
#.##.##.#
.....#..#.##.......#
#.......#
...(......##.......#
####.####
######.....#.####### #.#
#.##.##.######## #.#


There were no monsters in sight!

Vanquished Creatures
  Jessica (D:2)
  An adder (D:1)
  An ooze (D:1)
  A worm (D:2)
  A ball python (D:2)
  A bat (D:2)
  3 goblins
  5 hobgoblins
  4 kobolds
  2 frilled lizards
20 creatures vanquished.

Notes
Turn   | Place    | Note
-------+----------+-------------------------------------------
     0 | D:1      | Esekla the Deep Elf Warper began the quest for the Orb.
     0 | D:1      | Reached XP level 1. HP: 12/12 MP: 6/6
   349 | D:1      | Reached XP level 2. HP: 13/16 MP: 8/8
   353 | D:1      | Learned a level 2 spell: Shroud of Golubria
   356 | D:1      | Learned a level 2 spell: Blink
   739 | D:2      | Noticed an ogre
   984 | D:2      | Noticed Jessica
  1156 | D:2      | Killed Jessica
  1156 | D:2      | Reached XP level 3. HP: 18/20 MP: 7/9
  1191 | D:1      | Gained mutation: You are dopey. (Int -2) [potion of
                  | mutation]
  1191 | D:1      | Gained mutation: Your muscles are strong. (Str +2) [potion
                  | of mutation]
  1191 | D:1      | Gained mutation: You have supernaturally acute eyesight.
                  | (SInv) [potion of mutation]
  1198 | D:1      | HP: 1/20 [poisoned by an adder]
  1199 | D:1      | Lost mutation: Your muscles are strong. (Str +2) [potion of
                  | mutation]
  1199 | D:1      | Lost mutation: You are dopey. (Int -2) [potion of mutation]
  1199 | D:1      | Gained mutation: You are resistant to hostile enchantments.
                  | (MR+) [potion of mutation]
  1199 | D:1      | Gained mutation: You are partially covered in thin metallic
                  | scales. (AC +2) [potion of mutation]
  1199 | D:1      | Gained mutation: Your muscles are strong. (Str +2) [potion
                  | of mutation]
  1202 | D:1      | Succumbed to an adder's poison

Illustrated notes

Levels and vault maps discovered:
D:1:      onia_arrival_mini_maze_b, layout_loops_cross, serial_park_tiny_pond
D:2:      layout_basic, xom_redecorated, minitemple, minmay_3d_cube,
          uniq_jessica

Skill      XL: |  1  2  3 |
---------------+----------+-----
Long Blades    | 2 3 |  3.1
Dodging        | 3 |  3.3
Fighting       | |  1.5
Throwing       | |  1.0
Armour         | |  0.7
Spellcasting   | |  3.0
Charms         | |  0.7
Translocations | |  3.6

Action                   || total
-------------------------++-------
Melee: Falchion          ||    83
 Cast: Shroud of Golubri ||    12
       Blink             ||     1
  Use: Potion            ||     4
  Eat: Chunk             ||     2
Armor: Robe              ||    16
Dodge: Dodged            ||    67
       Rpst.: Falchion   ||    22
